AoeStats
← [GDL] Maldito Pantoja

Socotra

505760013Analyzed
4v4 RM · 22d ago on Sep 10, 2026· 28m 50s· 8 players
Game mode
Random Map
Map size
148×148
Population
200
Speed
Normal
Resources
Standard
Victory
Conquest
Starting age
Dark Age
Ending age
Imperial Age
RankedLock teamsTeams togetherTeam positionsShared explorationLock speedFull tech treeHidden civsTurbo modeCheats
Victory
Defeat
🇺🇸 Franks · United States
1416
+12
🇲🇽 Saracens · Mexico
1312
+16
🇵🇦 Burgundians · Panama
1237
+20
🇵🇹 Bengalis · Portugal
1217
+21
🇧🇷 Spanish · Brazil
1352
-18
🇸🇪 Japanese · Sweden
1335
-18
🇧🇷 Franks · Brazil
1333
-18
🇺🇾 Maya · Uruguay
1260
-15
TheLawRøcK®
10:38 Feudal Age
17:45 Double-Bit Axe
21:17 Forging
21:10 Loom
26:39 Castle Age
24:34 Gold Mining
Alex jr
6:57 Loom
9:44 Feudal Age
10:50 Double-Bit Axe
16:28 Fletching
22:25 Castle Age
23:53 Bodkin Arrow
Stuve
9:05 Loom
10:50 Feudal Age
12:13 Double-Bit Axe
12:10 Horse Collar
13:08 Fletching
15:12 Padded Archer Armor
21:57 Castle Age
21:21 Gold Mining
22:01 Crossbowman
22:36 Bodkin Arrow
24:10 Bow Saw
24:00 Heavy Plow
BarbaNegra
0:41 Loom
10:38 Feudal Age
hoffypianoman
6:14 Loom
8:27 Feudal Age
9:30 Double-Bit Axe
22:05 Castle Age
21:38 Wheelbarrow
21:36 Scale Barding Armor
21:29 Gold Mining
22:15 Forging
23:07 Chain Barding Armor
23:43 Husbandry
24:41 Bow Saw
Fu
7:06 Loom
9:25 Feudal Age
9:58 Double-Bit Axe
11:18 Fletching
14:41 Padded Archer Armor
20:07 Wheelbarrow
19:39 Horse Collar
24:33 Castle Age
24:38 Crossbowman
25:16 Bodkin Arrow
26:52 Leather Archer Armor
28:07 Town Watch
[GDL] Maldito Pantoja
6:58 Loom
9:56 Feudal Age
14:12 Fletching
15:35 Padded Archer Armor
19:26 Double-Bit Axe
19:22 Horse Collar
23:47 Castle Age
23:48 Crossbowman
24:25 Bodkin Arrow
25:26 Leather Archer Armor
iphonze
5:11 Loom
9:29 Feudal Age
9:34 Double-Bit Axe
12:36 Wheelbarrow
15:19 Bow Saw
18:00 Horse Collar
19:12 Gold Mining
23:36 Castle Age
21:50 Heavy Plow
22:10 Scale Barding Armor
22:44 Forging
23:54 Cavalier
24:34 Husbandry
25:01 Chain Barding Armor
29:48 Iron Casting
Connection lost

Rejoining the realm…

Still unreachable

The connection could not be restored.

Session expired

The server has moved on; the page needs a fresh start.